Map: Ever Dream LE

Players

Мишутка

  • Race: Terran Terran
  • League: Gold
  • Spawn Location: 7:00

urumikanzaki - Winner!

  • Race: Zerg Zerg
  • League: Gold
  • Spawn Location: 1:00

VOD

Have the link to the VOD?

Description

Time

  • Played on: Aug. 5, 2020, 3:07 p.m.
  • Length: 14:40
Show
View Real Time Build Order
Export as new Build Order

Мишутка Terran 

Build Orders: Reaper Expand 

Get SALT Encoding   

  12  0:00  SCV  
  13  0:13  SCV  
  14  0:17  Supply Depot  
  14  0:25  SCV  
  15  0:39  SCV  
  15  0:40  Barracks  
  16  0:44  Refinery  
  16  0:51  SCV  
  17  1:03  SCV  
  18  1:15  SCV  
  19  1:28  Supply Depot, Reaper  
  20  1:35  Orbital Command  
  20  1:53  Command Center  
  20  2:00  Marine  
  21  2:04  Bunker  
  21  2:08  SCV  
  22  2:19  Barracks Reactor  
  22  2:20  SCV  
  23  2:31  Factory  
  23  2:44  SCV  
  24  2:56  SCV  
  25  3:01  Refinery  
  25  3:08  SCV  
  25  3:09  SCV  
  27  3:21  SCV x2  
  29  3:28  Factory Tech Lab  
  29  3:29  Starport  
  30  3:34  SCV  
  30  3:41  Orbital Command  
  30  3:42  Marine x2  
  30  3:46  SCV  
  33  3:58  SCV  
  33  4:00  Marine x2, Barracks  
  33  4:02  Barracks  
  36  4:07  Starport Tech Lab  
  36  4:12  Engineering Bay x2  
  36  4:21  SCV x2  
  38  4:29  Siege Tank  
  43  4:33  SCV x2, Banshee, Cloaking Field  
  46  4:44  Refinery  
  46  4:46  Refinery  
  46  4:50  Barracks Tech Lab x2  
  46  5:17  Supply Depot  
  46  5:19  Supply Depot  
  46  5:33  Combat Shield  
  46  5:34  Stimpack  
  46  5:38  Marine x2  
  46  5:39  Siege Tank, SCV x2  
  46  5:41  Supply Depot  
  46  5:42  Terran Infantry Weapons Level 1  
  53  5:43  Supply Depot  
  52  5:51  SCV x2  
  52  5:56  Marine x2  
  56  6:16  Marauder x2  
  56  6:17  Marine x2  
  62  6:20  Terran Infantry Armor Level 1  
  62  6:26  SCV  
  62  6:27  SCV  
  64  6:34  Marine  
  64  6:35  Marine  
  64  6:38  Marauder x2  
  64  6:39  SCV x2  
  72  6:53  Marine x2  
  74  6:55  Command Center  
  74  6:56  Siege Tank  
  77  7:04  SCV  
  78  7:52  Supply Depot  
  78  7:53  Supply Depot  
  78  8:06  Marauder x2, Siege Tank, Marine x2, SCV x2, Medivac  
  78  8:10  Orbital Command  
  91  8:16  Supply Depot x2  
  91  8:18  SCV x2  
  93  8:20  Armory  
  93  8:24  Marine x2  
  95  8:27  Marine x2  
  95  8:30  SCV x2  
  99  8:36  Banshee  
  99  8:38  Siege Tank  
  99  8:39  Supply Depot x2  
  105  8:42  Marine x2  
  105  8:43  SCV x2  
  105  8:45  Marine x2  
  111  8:59  Marine x2  
  111  9:01  Supply Depot  
  111  9:02  Supply Depot  
  113  9:03  Marauder  
  113  9:04  Marauder  
  117  9:10  Siege Tank  
  120  9:17  Marine x2  
  120  9:19  Banshee  
  122  9:24  Marine x2  
  124  9:34  SCV x2  
  124  9:35  SCV  
  127  9:42  Marine x2  
  127  9:43  Siege Tank  
  132  9:46  SCV  
  132  9:47  SCV x2  
  132  9:49  Marine x2  
  137  9:58  SCV  
  137  9:59  SCV x2  
  140  10:00  Marauder  
  140  10:01  Marauder  
  140  10:02  Medivac  
  140  10:05  Starport x2  
  140  10:07  Marine x2  
  146  10:08  Fusion Core  
  146  10:13  Supply Depot  
  148  10:14  Supply Depot  
  148  10:15  Siege Tank  
  148  10:17  Refinery  
  148  10:19  Refinery  
  151  10:21  Marine x2  
  151  10:24  Marine  
  151  10:25  Marine  
  155  10:32  Medivac  
  157  10:37  Supply Depot  
  157  10:38  Supply Depot  
  157  10:39  Marine x2  
  157  10:42  Marine  
  159  10:43  Marine  
  158  10:57  Marine x2  
  157  11:11  SCV  
  157  11:12  SCV x2  
  160  11:23  SCV  
  160  11:24  SCV x2  
  163  11:25  Terran Vehicle Weapons Level 1  
  163  11:26  Terran Infantry Weapons Level 2, Terran Infantry Armor Level 2  
  163  11:28  Command Center  
  163  11:50  Marauder x2, Marine  
  163  11:51  Marine  
  163  11:52  Siege Tank  
  163  11:53  Starport Tech Lab x2  
  172  11:57  Battlecruiser  
  178  12:08  Marine  
  178  12:09  Marine  
  178  12:11  Marauder  
  178  12:12  Marauder  
  184  12:26  Marine x2  
  189  12:30  Supply Depot  
  189  12:31  Supply Depot x2  
  189  12:38  Weapon Refit  
  189  12:40  Marauder x2, Battlecruiser  
  189  12:44  Marine  
  197  12:53  Supply Depot  
  197  12:55  Supply Depot  
  197  12:58  Supply Depot  
  197  13:02  Marauder  
  196  13:13  Battlecruiser  
  196  13:17  Supply Depot  
  196  13:19  Supply Depot  
  200  13:22  Supply Depot  
  200  13:23  Marauder  
  80  13:57  Marine  
Show
View Real Time Build Order
Export as new Build Order

urumikanzaki Zerg - Winner!

Build Orders: Hatch First 

Get SALT Encoding   

  12  0:00  Drone  
  13  0:13  Overlord  
  13  0:16  Drone  
  14  0:33  Drone x2  
  16  0:48  Hatchery  
  15  0:52  Drone  
  15  0:55  Drone  
  17  0:59  Drone  
  18  1:10  Extractor  
  17  1:15  Spawning Pool  
  16  1:18  Drone  
  16  1:21  Drone  
  18  1:29  Drone  
  19  1:40  Overlord  
  19  1:52  Drone  
  20  2:03  Queen  
  20  2:06  Queen  
  24  2:15  Metabolic Boost  
  24  2:19  Drone  
  24  2:20  Drone  
  26  2:24  Drone  
  26  2:25  Drone x3  
  30  2:32  Spine Crawler  
  29  2:57  Drone  
  30  2:59  Zergling x4  
  30  3:00  Drone x3  
  35  3:09  Overlord  
  35  3:11  Overlord  
  35  3:17  Hatchery  
  34  3:33  Lair  
  34  3:38  Drone, Baneling Nest  
  34  3:39  Drone x5  
  39  3:42  Queen  
  41  3:55  Drone x5  
  46  3:58  Overlord  
  46  3:59  Overlord  
  46  4:10  Extractor  
  46  4:12  Extractor  
  46  4:14  Evolution Chamber  
  46  4:15  Evolution Chamber  
  43  4:17  Drone x3  
  43  4:20  Drone x3  
  48  4:29  Zergling x12  
  54  4:36  Drone  
  55  4:55  Zerg Melee Weapons Level 1  
  55  4:56  Zerg Ground Armor Level 1  
  55  5:12  Overlord x2  
  55  5:13  Overlord x10  
  55  5:25  Infestation Pit  
  54  5:57  Drone x8  
  54  5:58  Drone x4  
  65  6:11  Hatchery  
  65  6:16  Hatchery  
  63  6:21  Hive  
  63  6:30  Drone x3  
  63  6:32  Drone, Extractor  
  66  6:33  Drone x11  
  77  6:40  Extractor x2  
  77  6:46  Overseer  
  75  6:47  Overseer  
  75  6:50  Pneumatized Carapace  
  75  6:52  Zerg Melee Weapons Level 2  
  75  6:53  Zerg Ground Armor Level 2  
  75  7:00  Centrifical Hooks  
  75  7:08  Zergling x26  
  85  7:25  Spore Crawler  
  85  7:28  Spore Crawler  
  82  7:30  Spore Crawler  
  81  7:39  Queen  
  83  7:50  Baneling x11  
  83  7:55  Zergling x2  
  83  7:56  Zergling x22  
  95  7:59  Adrenal Glands  
  95  8:08  Ultralisk Cavern, Zergling x16  
  102  8:23  Drone x4  
  106  8:27  Overlord  
  106  8:28  Drone  
  106  8:30  Drone x4  
  111  9:15  Baneling x3  
  111  9:16  Baneling x3  
  105  9:26  Zergling x32  
  105  9:28  Baneling x12  
  121  9:35  Spire  
  120  9:45  Drone  
  121  9:48  Baneling  
  121  9:49  Baneling x13  
  121  9:53  Drone, Extractor  
  121  9:54  Drone x2, Extractor  
  121  9:55  Drone x3  
  125  10:05  Baneling  
  125  10:06  Baneling x5  
  125  10:07  Zerg Melee Weapons Level 3  
  125  10:09  Hatchery, Zerg Ground Armor Level 3  
  125  10:10  Extractor  
  125  10:11  Chitinous Plating  
  125  10:12  Extractor  
  122  10:22  Spore Crawler  
  121  10:29  Spore Crawler  
  121  10:35  Spore Crawler  
  116  10:55  Spore Crawler  
  111  11:12  Drone x2  
  111  11:13  Drone x2  
  111  11:14  Drone x7  
  122  11:20  Drone x3  
  122  11:21  Drone x3  
  122  11:25  Ultralisk x3  
  146  11:26  Ultralisk x4  
  146  11:30  Anabolic Synthesis  
  170  11:46  Greater Spire  
  170  11:47  Spire  
  169  11:56  Drone x5  
  169  11:58  Overlord x4  
  174  12:18  Zergling x24  
  174  12:19  Zergling x8  
  190  12:45  Hatchery  
  190  12:47  Corruptor x5, Unknown  
  198  13:05  Hatchery  
  138  13:33  Zergling x12  
  147  13:34  Ultralisk x8  
  147  13:37  Corruptor  
  188  13:49  Corruptor x3  
Tags
 
Add a new tag
Caveats
  • Supply blocks, unpowered buildings, or Contaminate may cause inaccurate times.
  • Supply counts are checked every 10 seconds.